 Dungeon Crawl Stone Soup version 0.25.1-8-g42b30a86e7 (webtiles) character file.

Game seed: 628789736735270315

22465 Clowwww the Cleaver (level 12, -1/107 HPs)
             Began as a Minotaur Fighter on Dec 5, 2020.
             Was an Elder of Ashenzari.
             Shot with an arrow by a centaur warrior (4 damage)
             ... while petrified by you
             ... on level 13 of the Dungeon.
             The game lasted 00:37:03 (15058 turns).

Clowwww the Cleaver (Minotaur Fighter)             Turns: 15058, Time: 00:37:04

Health: -1/107     AC: 11    Str: 32    XL:     12   Next: 63%
Magic:  11/11      EV:  2    Int:  5    God:    Ashenzari [****..]
Gold:   737        SH:  0    Dex: 10    Spells: 11/11 levels left

rFire    . . .     SeeInvis +   a - +0 war axe (curse)
rCold    + . .     Gourm    .   c - +0 kite shield
rNeg     + + +     Faith    .   i - +1 scale mail {rC+} (curse)
rPois    ∞         Spirit   .   (helmet restricted)
rElec    .         Reflect  .   t - scarf {repulsion} (curse)
rCorr    .         Harm     .   (no gloves)
MR       .....     Clarity  +   x - +0 pair of boots
Stlth    ..........             (no amulet)
HPRegen  0.27/turn              n - ring of positive energy (curse)
MPRegen  0.12/turn              D - +6 ring of strength (curse)

@: petrified, studying Dodging, lightly drained, repel missiles
A: retaliatory headbutt, horns 2
a: Curse Item, Scrying, Renounce Religion


You were on level 13 of the Dungeon.
You worshipped Ashenzari.
Ashenzari was greatly pleased with you.
You were not hungry.

You visited 1 branch of the dungeon, and saw 13 of its levels.
You also visited: Sewer.

You collected 737 gold pieces.

Inventory:

Hand Weapons
 a - a cursed +0 war axe (weapon)
Missiles
 y - 3 boomerangs (quivered)
Armour
 c - a +0 kite shield (worn)
 i - a cursed +1 scale mail of cold resistance (worn)
 t - a cursed scarf of repulsion (worn)
 x - a +0 pair of boots (worn)
Jewellery
 j - a +6 ring of intelligence
 n - a cursed ring of positive energy (left hand)
 u - an uncursed amulet of magic regeneration
 A - a cursed +4 ring of slaying
 D - a cursed +6 ring of strength (right hand)
Wands
 e - a wand of acid (10)
 g - a wand of paralysis (5)
 k - a wand of iceblast (7)
 o - a wand of random effects (14)
 r - a wand of enslavement (20)
 s - a wand of disintegration (9)
 I - a wand of clouds (4)
Scrolls
 m - 5 scrolls of teleportation
 p - a scroll of amnesia
 w - a scroll of remove curse
 z - a scroll of fear
 C - 2 scrolls of identify
 G - a scroll of magic mapping
 J - a scroll of blinking
Potions
 b - 2 potions of magic
 d - 7 potions of might
 h - 4 potions of curing
 l - 3 potions of brilliance
 q - 2 potions of resistance
 v - 2 potions of cancellation
 B - 4 potions of haste
 E - 3 potions of flight
 H - 2 potions of heal wounds
Books
 F - a manual of Dodging
Comestibles
 f - 24 rations


   Skills:
 + Level 10.5(10.4) Fighting
 + Level 14.9(17.8) Axes
 + Level 5.9(5.8) Throwing
 + Level 10.3(10.2) Armour
 + Level 6.9(6.8) Dodging
 + Level 1.3(1.2) Stealth
 + Level 11.6(11.5) Shields
 + Level 1.0(2.2) Evocations


You had 11 spell levels left.
You didn't know any spells.
Your spell library contained the following spells:

 Spells                   Type           Power        Failure   Level  Hunger
 Sting                    Tmut/Pois      #...         80%         1    ##.....
 Poisonous Vapours        Pois/Air       #.....       90%         2    ###....
 Conjure Flame            Conj/Fire      #.......     99%         3    ####...
 Ignite Poison            Fire/Tmut/Pois #.......     99%         3    ####...
 Mephitic Cloud           Conj/Pois/Air  #.......     99%         3    ####...
 Olgreb's Toxic Radiance  Pois           #.......     100%        4    #####..
 Freezing Cloud           Conj/Ice/Air   #.........   100%        6    #######
 Ring of Flames           Chrm/Fire      #.........   100%        7    #######


Dungeon Overview and Level Annotations

Branches:
Dungeon (13/15)            Temple (0/1) D:7            Lair (0/6) D:10
    Orc (0/2) D:11          Sewer (visited)
 Vaults: D:13-14

Altars:
Ashenzari
Dithmenos
Elyvilon
Fedhas
Gozag
Hepliaklqana
Kikubaaqudgha
Makhleb
Nemelex Xobeh
Okawaru
Trog
Xom
Zin
The Shining One

Shops:
D:6 =   D:7 (


Innate Abilities, Weirdness & Mutations

You reflexively headbutt those who attack you in melee.
You have a pair of horns on your head.


Message History

You hit the catoblepas.
The catoblepas is severely wounded.
The catoblepas gores you!!
Your limbs are stiffening.
You feel better. The catoblepas gores you!
You have turned to stone.
The catoblepas breathes a plume of calcifying dust at you.
The blast of calcifying dust hits you but does no damage.
You are engulfed in calcifying dust.
The catoblepas gores you!
You are engulfed in calcifying dust.
The catoblepas gores you but does no damage.
You are engulfed in calcifying dust.
The catoblepas gores you!!
* * * LOW HITPOINT WARNING * * *
You are engulfed in calcifying dust.
The catoblepas gores you!!
* * * LOW HITPOINT WARNING * * *
The centaur warrior is engulfed in calcifying dust.
The catoblepas gores you!!
* * * LOW HITPOINT WARNING * * *
The centaur warrior is engulfed in calcifying dust.
The centaur warrior is no longer petrified.
The centaur warrior shoots an arrow.
The arrow hits you!
You die...

*, * ** ** ***,
, * * , ,,, , ,
* * , * ** * * *
*,* * * * * * *
* * *
#.#########.# **
, ***
**#..Y@§<.c...#
, * ,,,
......##########
, * *** #####
,,, , * * * * *
* * * ,, ,, ,, ,
* , *, * ***** *
, ,* , * * , *
,** ,


You could see a catoblepas and a centaur warrior.

Vanquished Creatures
  Erica (D:10)
  5 two-headed ogres
  An ogre mage (D:7)
  A tengu warrior (D:9)
  An unseen horror (D:11)
  An orc sorcerer (D:11)
  A cyclops (D:12)
  2 ugly things
  4 orange demons (D:10)
  A gargoyle (D:12)
  A kobold demonologist (D:11)
  A troll (D:12)
  2 red devils (D:10)
  2 hornets
  Grinder (D:3)
  A hippogriff (D:9)
  A wraith (D:11)
  13 yaks
  4 wyverns
  A basilisk (D:11)
  3 hungry ghosts (D:11)
  A soldier ant (D:11)
  Duvessa (D:7)
  5 porcupines (D:10)
  A water moccasin (D:12)
  3 ice beasts
  4 sky beasts
  3 orc warriors
  An eye of draining (D:12)
  13 black bears
  A necrophage (D:8)
  6 phantoms
  8 ogres
  7 centaurs
  A crocodile (D:10)
  8 big kobolds
  3 bullfrogs
  2 gnoll sergeants (D:8)
  A wyvern zombie (D:11)
  Dowan (D:7)
  2 scorpions
  2 troll zombies (D:11)
  5 killer bees (D:9)
  9 wights
  3 howler monkeys (D:8)
  8 crimson imps
  A centaur zombie (D:12)
  A bullfrog zombie (D:10)
  A quasit (D:10)
  5 hounds
  6 jellies
  5 orc priests
  4 bullfrog skeletons
  A centaur skeleton (D:12)
  5 iguanas
  11 orc wizards
  Jessica (D:3)
  Ijyb (D:4)
  10 worker ants
  A killer bee zombie (D:7)
  6 ogre zombies (D:11)
  A howler monkey zombie (D:6)
  A worker ant zombie (D:9)
  18 adders
  7 gnolls (D:8)
  3 river rats (Sewer)
  4 shadow imps
  8 oozes
  5 worms
  7 dart slugs
  5 leopard geckos
  45 orcs
  9 ball pythons
  3 giant cockroaches
  9 goblins
  10 hobgoblins
  5 jackals
  5 quokkas
  7 bats
  6 frilled lizards
  5 goblin zombies (D:11)
  2 hobgoblin skeletons (D:11)
  4 hobgoblin zombies (D:11)
  A jackal skeleton (D:7)
  9 kobolds
  An orc skeleton (D:11)
  13 orc zombies (D:11)
  9 rats
408 creatures vanquished.

Vanquished Creatures (others)
  An orc (D:12)
1 creature vanquished.

Grand Total: 409 creatures vanquished

Notes
Turn   | Place    | Note
-------+----------+-------------------------------------------
     0 | D:1      | Clowwww the Minotaur Fighter began the quest for the Orb.
     0 | D:1      | Reached XP level 1. HP: 19/19 MP: 0/0
   208 | D:1      | Reached XP level 2. HP: 27/27 MP: 1/1
   724 | D:1      | Reached XP level 3. HP: 30/33 MP: 2/2
   855 | D:2      | Reached skill level 3 in Axes
  1043 | D:2      | Reached XP level 4. HP: 25/40 MP: 3/3
  1260 | D:2      | Found a white marble altar of Elyvilon.
  1311 | D:2      | Reached skill level 5 in Shields
  1394 | D:2      | Found a blossoming altar of Fedhas.
  1397 | D:2      | Found an ancient bone altar of Kikubaaqudgha.
  1415 | D:2      | Found an opulent altar of Gozag.
  1783 | D:3      | Noticed Grinder
  1808 | D:3      | HP: 1/41 [Grinder (4)]
  1811 | D:3      | Killed Grinder
  1811 | D:3      | Reached skill level 4 in Axes
  1811 | D:3      | Reached skill level 1 in Dodging
  1811 | D:3      | Reached XP level 5. HP: 1/47 MP: 4/4
  1811 | D:3      | Reached XP level 6. HP: 2/53 MP: 5/5
  2205 | D:3      | Noticed Jessica
  2426 | D:3      | Found a shattered altar of Ashenzari.
  2426 | D:3      | Found a hazy altar of Hepliaklqana.
  2430 | D:3      | Became a worshipper of Ashenzari the Shackled
  2469 | D:3      | Killed Jessica
  2543 | D:3      | Reached skill level 5 in Axes
  3114 | D:4      | Found a glowing golden altar of the Shining One.
  3164 | D:4      | Found a shimmering altar of Xom.
  3165 | D:4      | Found a burning altar of Makhleb.
  3193 | D:4      | Reached skill level 5 in Fighting
  3193 | D:4      | Reached XP level 7. HP: 61/61 MP: 6/6
  3220 | D:4      | Reached skill level 5 in Armour
  3358 | D:4      | Reached skill level 6 in Axes
  3614 | D:4      | Noticed Ijyb
  3631 | D:4      | Killed Ijyb
  4021 | D:5      | Entered Level 5 of the Dungeon
  4197 | D:5      | Got the uncursed leather armour "Liory" {Str+3}
  4211 | D:5      | Identified the +0 leather armour "Liory" {Str+3} (You found
                  | it on level 5 of the Dungeon)
  4261 | D:5      | Reached skill level 7 in Axes
  4710 | D:5      | Reached XP level 8. HP: 39/69 MP: 7/7
  5054 | D:5      | Found a shattered altar of Ashenzari.
  5414 | D:6      | Reached * piety under Ashenzari
  5429 | D:6      | Found Ziorew's Jewellery Boutique.
  5450 | D:6      | Found a glowing drain.
  5455 | Sewer    | Entered a sewer
  5606 | Sewer    | Reached skill level 8 in Axes
  6487 | D:6      | Reached skill level 9 in Axes
  6487 | D:6      | Reached skill level 1 in Stealth
  6487 | D:6      | Reached XP level 9. HP: 54/75 MP: 8/8
  6719 | D:6      | Found a bloodstained altar of Trog.
  6944 | D:6      | Found a sparkling altar of Nemelex Xobeh.
  7472 | D:7      | Reached skill level 10 in Axes
  7901 | D:7      | Found Taef's Antique Weapon Boutique.
  8042 | D:7      | Found a staircase to the Ecumenical Temple.
  8236 | D:7      | Noticed Duvessa
  8245 | D:7      | Noticed Dowan
  8251 | D:7      | Killed Duvessa
  8257 | D:7      | Killed Dowan
  8304 | D:7      | Noticed an ogre mage
  8306 | D:7      | Reached skill level 1 in Throwing
  8313 | D:7      | Killed an ogre mage
  8313 | D:7      | Reached skill level 11 in Axes
  8313 | D:7      | Reached XP level 10. HP: 78/86 MP: 9/9
  8566 | D:8      | Reached ** piety under Ashenzari
  8606 | D:8      | Noticed a two-headed ogre
  8615 | D:8      | Killed a two-headed ogre
  8888 | D:8      | Reached skill level 10 in Shields
  9011 | D:8      | Found a shadowy altar of Dithmenos.
  9057 | D:8      | Noticed a two-headed ogre
  9069 | D:8      | Killed a two-headed ogre
  9069 | D:8      | Reached skill level 12 in Axes
  9501 | D:9      | Noticed a tengu warrior
  9511 | D:9      | Killed a tengu warrior
  9511 | D:9      | Reached skill level 5 in Dodging
  9511 | D:9      | Reached XP level 11. HP: 80/94 MP: 10/10
  9873 | D:9      | Noticed a two-headed ogre
  9891 | D:9      | Killed a two-headed ogre
 10213 | D:9      | Found an iron altar of Okawaru.
 10228 | D:9      | Noticed a two-headed ogre
 10235 | D:9      | Killed a two-headed ogre
 10389 | D:9      | Reached skill level 13 in Axes
 10478 | D:9      | Found a glowing silver altar of Zin.
 10723 | D:10     | Entered Level 10 of the Dungeon
 10736 | D:10     | Found a staircase to the Lair.
 10750 | D:10     | Reached skill level 5 in Throwing
 11783 | D:10     | Noticed Erica
 11793 | D:10     | Killed Erica
 12035 | D:10     | Reached *** piety under Ashenzari
 12192 | D:10     | Noticed a two-headed ogre
 12198 | D:10     | Killed a two-headed ogre
 12198 | D:10     | Reached skill level 1 in Evocations
 12571 | D:10     | Reached XP level 12. HP: 99/105 MP: 11/11
 12822 | D:11     | Reached skill level 10 in Fighting
 13096 | D:11     | Reached skill level 10 in Armour
 13115 | D:11     | Reached skill level 14 in Axes
 13167 | D:11     | Found a staircase to the Orcish Mines.
 14645 | D:12     | Reached **** piety under Ashenzari
 15029 | D:13     | Noticed a catoblepas
 15029 | D:13     | Noticed a centaur warrior
 15057 | D:13     | HP: 3/107 [catoblepas (13)]
 15058 | D:13     | Shot with an arrow by a centaur warrior

Illustrated notes

Levels and vault maps discovered:
D:1:      minmay_arrival_glassed_features, layout_basic,
          chequers_serial_rivers_micro_a, minmay_distorted
D:2:      layout_loops_ring, grunt_temple_overflow_growth_and_decay,
          nicolae_overflow_hidden_temple, overflow_temple_1_default,
          minmay_pentomino_w2
D:3:      layout_loops_ring, gammafunk_temple_overflow_wave,
          kennysheep_generic_room_8, uniq_jessica, uniq_grinder
D:4:      minmay_chambers_of_fours, layout_basic,
          grunt_temple_overflow_champion_of_chaos, tso_altar, first_ration,
          uniq_ijyb
D:5:      layout_basic, nicolae_ashenzari_panopticon
D:6:      layout_loops_cross, trog_ov_bears_minmay, portal_sewer_entry_e,
          basic_altar, serial_shops, nicolae_shop_behind_doors
D:7:      layout_gridville, minmay_temple_entry_waves, serial_shops, shop,
          minmay_manual_mullet, uniq_duvessa
D:8:      layout_basic, nicolae_dithmenos_the_darkroom,
          hangedman_little_slice_of_home
D:9:      layout_irregular_city, old_standard_altar, lemuel_round_altar
D:10:     minmay_recursive_quarters, layout_loops_corners,
          due_lair_maze_entry_diamond, st_stairs_13, mrwooster_statue_mirror,
          minmay_beelzebubs_servants, uniq_erica
D:11:     layout_cave_pools, zombieorc2_lemuel, serial_glass, glass_columns_a,
          glass_columns_a, glass_columns_c
D:12:     layout_stronghold, lemuel_flamethrower_3
D:13:     layout_loops_ring, grunt_vaults_entry_tiered

Skill      XL: |  1  2  3  4  5  6  7  8  9 10 11 12 |
---------------+-------------------------------------+-----
Shields        | 4 5 6 7 9 10 11 | 11.6
Axes           | 3 4 5 7 9 11 12 13 14 | 14.9
Armour         | 4 5 6 8 9 10 | 10.3
Fighting       | 4 5 6 7 8 9 10 | 10.5
Dodging        | 1 2 3 5 6 |  6.9
Stealth        | 1 |  1.3
Throwing       | 1 3 5 |  5.9
Evocations     | 1 |  1.0

Action                   |  1- 3 |  4- 6 |  7- 9 | 10-12 || total
-------------------------+-------+-------+-------+-------++-------
Melee: War axe           |   104 |   106 |   468 |   495 ||  1173
       Headbutt          |     8 |    18 |    78 |   120 ||   224
Throw: Boomerang         |       |       |    18 |   122 ||   140
Invok: Curse Item        |       |       |     4 |     1 ||     5
Evoke: Wand              |       |       |       |     5 ||     5
  Use: Scroll            |       |       |    13 |    10 ||    23
       Potion            |       |       |     1 |     5 ||     6
  Eat: Chunk             |     1 |     6 |    18 |    16 ||    41
       Ration            |       |       |       |     2 ||     2
Armor: Scale mail        |    50 |    38 |   155 |   116 ||   359
Dodge: Dodged            |    36 |    32 |   144 |   168 ||   380
       Repelled          |       |       |     4 |     5 ||     9
Block: Kite shield       |    76 |    59 |   235 |   283 ||   653
